 Dungeon Crawl Stone Soup version 0.28.0-1-gb440e238dd (webtiles) character file.

Game seed: 12583509895577250280

102 Ablot the Grasshopper (level 4, 0/38 HPs)
             Began as a Gnoll Warper on Feb 21, 2022.
             Succumbed to an adder's poison
             ... on level 3 of the Dungeon.
             The game lasted 00:04:33 (2194 turns).

Ablot the Grasshopper (Gnoll Warper)                Turns: 2194, Time: 00:04:34

Health: 0/38       AC:  4    Str: 13    XL:     4   Next: 78%
Magic:  11/11      EV: 12    Int: 12    God:
Gold:   20         SH:  0    Dex: 11    Spells: 8/13 levels left

rFire   + . .      SeeInvis .   a - +0 spear
rCold   + . .      Faith    .   (no shield)
rNeg    . . .      Spirit   .   b - +0 leather armour {rF+}
rPois   .          Reflect  .   (no helmet)
rElec   .          Harm     .   (no cloak)
rCorr   .          Rampage  .   f - +0 pair of gloves
Will    +....                   (no boots)
Stlth   +.........              (no amulet)
HPRegen 0.12/turn               l - ring of wizardry
MPRegen 0.12/turn               (no ring)

@: lethally poisoned (0 -> -3)
A: fangs 1, strong nose, distributed training, cold resistance 1, strong-willed
1, mutation resistance 1
a: no special abilities


You were on level 3 of the Dungeon.
You visited 1 branch of the dungeon, and saw 3 of its levels.

You collected 20 gold pieces.

Inventory:

Hand Weapons
 a - a +0 spear (weapon)
 i - a +2 mace of draining
Missiles
 d - 5 boomerangs of dispersal (quivered)
 g - 3 stones
 h - 66 arrows
 n - 3 poisoned darts
Armour
 b - a +0 leather armour of fire resistance (worn)
 f - a +0 pair of gloves (worn)
Jewellery
 l - a ring of wizardry (left hand)
Scrolls
 c - a scroll of blinking
 e - a scroll of identify
 k - 2 scrolls of teleportation
 m - a scroll of amnesia {unknown}


   Skills:
 + Level 4.7 Fighting
 + Level 1.2 Short Blades
 + Level 1.2 Long Blades
 + Level 1.2 Axes
 + Level 1.2 Maces & Flails
 + Level 4.7 Polearms
 + Level 1.2 Staves
 + Level 1.2 Slings
 + Level 1.2 Bows
 + Level 1.2 Crossbows
 + Level 2.8 Throwing
 + Level 2.8 Armour
 + Level 4.7 Dodging
 + Level 1.2 Stealth
 + Level 1.2 Shields
 + Level 1.2 Unarmed Combat
 + Level 5.1 Spellcasting
 + Level 1.0 Conjurations
 + Level 1.0 Hexes
 + Level 1.0 Summonings
 + Level 1.0 Necromancy
 + Level 5.5 Translocations
 + Level 1.0 Transmutations
 + Level 1.0 Fire Magic
 + Level 1.0 Ice Magic
 + Level 1.0 Air Magic
 + Level 1.0 Earth Magic
 + Level 1.0 Poison Magic
 + Level 1.3 Invocations
 + Level 1.2 Evocations


You had 8 spell levels left.
You knew the following spells:

 Your Spells              Type           Power      Damage    Failure   Level
a - Blink                 Tloc           32%        N/A       1%          2
b - Beastly Appendage     Tmut           10%        N/A       7%          1
c - Wereblood             Tmut           5%         N/A       11%         2

Your spell library contained the following spells:

 Spells                   Type           Power      Damage    Failure   Level
 Gell's Gravitas          Tloc           16%        N/A       3%          3
 Lesser Beckoning         Tloc           16%        N/A       3%          3
 Teleport Other           Tloc           16%        N/A       3%          3
 Static Discharge         Conj/Air       5%         N/A       11%         2
 Spider Form              Tmut/Pois      5%         N/A       21%         3
 Manifold Assault         Tloc           16%        N/A       28%         5
 Dispel Undead            Necr           5%         3d7       52%         4
 Sticky Flame             Conj/Fire      5%         2d3       52%         4


Dungeon Overview and Level Annotations

Branches:
Dungeon (3/15)

Altars:


Innate Abilities, Weirdness & Mutations

You have very sharp teeth.
Your uncanny sense of smell can sniff out nearby items.
Your experience applies equally to all skills.
Your flesh is cold resistant. (rC+)
You are strong-willed. (Will+)
You are somewhat resistant to further mutation.


Message History

The adder is almost dead.
You feel sick. The adder bites you.
You closely miss the adder.
The adder is almost dead.
You feel sick. The adder barely misses you.
You miss the adder.
The adder is almost dead.
You feel sick. The adder barely misses you.
Unknown command.
You barely miss the adder.
The adder is almost dead.
You feel sick. The adder bites you but does no damage.
You closely miss the adder.
The adder is almost dead.
You feel sick. The adder bites you.
* * * LOW HITPOINT WARNING * * *
You are lethally poisoned!
The adder poisons you!
Unknown command.
You hit the adder.
The adder is almost dead.
* * * LOW HITPOINT WARNING * * *
You feel sick. The adder bites you but does no damage.
You hit the adder.
You kill the adder!
* * * LOW HITPOINT WARNING * * *
You feel sick.
Unknown command.
You aren't carrying any potions.
As you read the scroll labelled NEMEXZYPSA, it crumbles to dust.
It is a scroll of identify.
k - 2 scrolls of teleportation
* * * LOW HITPOINT WARNING * * *
You feel sick. The goblin hits you with a +0 club.
* * * LOW HITPOINT WARNING * * *
Unknown command.
You closely miss the goblin. The goblin barely misses you.
You hit the goblin.
The goblin is heavily wounded.
You die...

##.####.## #.####
##........###.)<..
#..#####.....##### #.##
#.###..## # #.# ##.#
##..### #.# #..# ##..##
#.# #.## ##... #.# ##.#
#... #@# #.># #####.## .
##g####.####.....## ..
#.J##........#####
####.#.
#####.###.#)######
....... ..#.........#.#
......# #.........###.#
...........####.#.....##
......#####.....#.J.....
......# #<.............


You could see an endoplasm and a goblin.

Vanquished Creatures
  6 adders
  A dart slug (D:1)
  An orc (D:3)
  9 ball pythons
  4 endoplasms
  A giant cockroach (D:2)
  2 goblins (D:1)
  5 hobgoblins
  5 kobolds
  A quokka (D:1)
  4 bats
  A frilled lizard (D:2)
  5 rats
45 creatures vanquished.

Notes
Turn   | Place    | Note
-------+----------+-------------------------------------------
     0 | D:1      | Ablot the Gnoll Warper began the quest for the Orb.
     0 | D:1      | Reached XP level 1. HP: 20/20 MP: 6/6
   299 | D:1      | Reached XP level 2. HP: 26/26 MP: 7/7
   312 | D:1      | Found a faded altar of an unknown god.
   849 | D:2      | Reached XP level 3. HP: 29/31 MP: 9/9
   858 | D:2      | Reached skill level 5 in Spellcasting
   861 | D:2      | Learned a level 2 spell: Blink
  1079 | D:2      | Reached skill level 1 in Invocations
  1270 | D:2      | Reached skill level 1 in Short Blades
  1270 | D:2      | Reached skill level 1 in Long Blades
  1270 | D:2      | Reached skill level 1 in Axes
  1270 | D:2      | Reached skill level 1 in Maces & Flails
  1270 | D:2      | Reached skill level 1 in Staves
  1270 | D:2      | Reached skill level 1 in Slings
  1270 | D:2      | Reached skill level 1 in Bows
  1270 | D:2      | Reached skill level 1 in Crossbows
  1270 | D:2      | Reached skill level 1 in Stealth
  1270 | D:2      | Reached skill level 1 in Shields
  1270 | D:2      | Reached skill level 1 in Unarmed Combat
  1270 | D:2      | Reached skill level 1 in Evocations
  1296 | D:2      | Reached XP level 4. HP: 20/38 MP: 11/11
  1510 | D:2      | Learned a level 1 spell: Beastly Appendage
  1513 | D:2      | Learned a level 2 spell: Wereblood
  1782 | D:3      | Gained mutation: You are strong-willed. (Will+) [potion of
                  | mutation]
  1782 | D:3      | Gained mutation: Your flesh is cold resistant. (rC+)
                  | [potion of mutation]
  1782 | D:3      | Gained mutation: You are somewhat resistant to further
                  | mutation. [potion of mutation]
  1782 | D:3      | HP: 2/57 [poisoned by an adder]
  2100 | D:3      | Reached skill level 1 in Conjurations
  2100 | D:3      | Reached skill level 1 in Hexes
  2100 | D:3      | Reached skill level 1 in Summonings
  2100 | D:3      | Reached skill level 1 in Necromancy
  2100 | D:3      | Reached skill level 1 in Transmutations
  2100 | D:3      | Reached skill level 1 in Fire Magic
  2100 | D:3      | Reached skill level 1 in Ice Magic
  2100 | D:3      | Reached skill level 1 in Air Magic
  2100 | D:3      | Reached skill level 1 in Earth Magic
  2100 | D:3      | Reached skill level 1 in Poison Magic
  2192 | D:3      | HP: 1/38 [goblin (1)]
  2194 | D:3      | Succumbed to an adder's poison

Illustrated notes

Levels and vault maps discovered:
D:1:      psy_arrival_basics, layout_rooms, ebering_ecumenical_altar_hall
D:2:      layout_rooms, chequers_serial_rivers_micro_c
D:3:      layout_rooms, mainiacjoe_overflow_catwalk

Skill      XL: |  1  2  3  4 |
---------------+-------------+-----
Spellcasting   | 5 |  5.1
Invocations    | 1 |  1.3
Short Blades   | 1 |  1.2
Long Blades    | 1 |  1.2
Axes           | 1 |  1.2
Maces & Flails | 1 |  1.2
Staves         | 1 |  1.2
Slings         | 1 |  1.2
Bows           | 1 |  1.2
Crossbows      | 1 |  1.2
Stealth        | 1 |  1.2
Shields        | 1 |  1.2
Unarmed Combat | 1 |  1.2
Evocations     | 1 |  1.2
Conjurations   | 1 |  1.0
Hexes          | 1 |  1.0
Summonings     | 1 |  1.0
Necromancy     | 1 |  1.0
Transmutations | 1 |  1.0
Fire Magic     | 1 |  1.0
Ice Magic      | 1 |  1.0
Air Magic      | 1 |  1.0
Earth Magic    | 1 |  1.0
Poison Magic   | 1 |  1.0
Fighting       | |  4.7
Polearms       | |  4.7
Throwing       | |  2.8
Armour         | |  2.8
Dodging        | |  4.7
Translocations | |  5.5

Action                   |  1- 3 |  4- 6 || total
-------------------------+-------+-------++-------
Melee: Spear             |   116 |    57 ||   173
       Bite              |    12 |     3 ||    15
       Punch             |     1 |       ||     1
  Use: Potion            |       |     4 ||     4
       Scroll            |       |     1 ||     1
 Stab: Sleeping          |     1 |     4 ||     5
Armor: Leather armour    |    20 |     8 ||    28
Dodge: Dodged            |    50 |    19 ||    69
